Map: Lerilak Crest

Players

Fusion - Winner!

  • Race: Protoss Protoss
  • League: Grandmaster

Buchinthebox

  • Race: Protoss Protoss

VOD

Have the link to the VOD?

Description

2 gate into blink stalker harass

Time

  • Played on: Nov. 17, 2015, 7:53 p.m.
  • Length: 6:15
Show
View Real Time Build Order
Export as new Build Order

Fusion Protoss - Winner!

Build Orders: Nexus First 

Get SALT Encoding   

  12  0:00  Probe (Chrono Boost)  
  13  0:11  Probe (Chrono Boost)  
  14  0:17  Pylon  
  14  0:22  Probe (Chrono Boost)  
  15  0:35  Probe (Chrono Boost)  
  16  0:45  Probe (Chrono Boost)  
  17  0:58  Nexus  
  17  1:00  Probe (Chrono Boost)  
  18  1:10  Gateway  
  18  1:14  Probe (Chrono Boost)  
  19  1:19  Assimilator  
  19  1:25  Probe (Chrono Boost)  
  20  1:28  Assimilator  
  20  1:35  Probe (Chrono Boost)  
  21  1:46  Probe (Chrono Boost)  
  22  1:49  Gateway  
  22  1:56  Probe (Chrono Boost)  
  22  1:59  Cybernetics Core  
  23  2:05  Pylon  
  23  2:09  Probe (Chrono Boost)  
  23  2:15  Probe (Chrono Boost)  
  25  2:20  Probe (Chrono Boost)  
  26  2:25  Probe (Chrono Boost)  
  27  2:30  Probe (Chrono Boost)  
  27  2:35  Adept (Chrono Boost)  
  27  2:36  Probe (Chrono Boost), Adept (Chrono Boost)  
  33  2:39  Warp Gate  
  33  2:42  Probe  
  34  2:48  Probe (Chrono Boost)  
  35  2:54  Probe (Chrono Boost)  
  36  3:01  Mothership Core (Chrono Boost)  
  36  3:05  Probe (Chrono Boost)  
  39  3:09  Stalker x2  
  43  3:14  Pylon  
  43  3:16  Probe (Chrono Boost)  
  43  3:19  Probe (Chrono Boost)  
  45  3:26  Probe (Chrono Boost)  
  46  3:30  Pylon  
  46  3:32  Probe (Chrono Boost)  
  47  3:37  Probe (Chrono Boost)  
  48  3:43  Probe (Chrono Boost)  
  48  3:45  Robotics Facility  
  48  3:47  Probe (Chrono Boost)  
  50  3:51  Assimilator  
  50  3:52  Stalker, Assimilator  
  50  3:53  Stalker, Probe (Chrono Boost)  
  51  4:03  Probe (Chrono Boost)  
  51  4:07  Pylon  
  52  4:10  Probe (Chrono Boost)  
  52  4:13  Twilight Council  
  52  4:14  Probe (Chrono Boost)  
  54  4:21  Probe (Chrono Boost)  
  56  4:24  Probe (Chrono Boost)  
  56  4:28  Gateway x2  
  56  4:33  Gateway  
  56  4:34  Observer  
  57  4:43  Probe (Chrono Boost), Pylon  
  57  4:44  Probe (Chrono Boost)  
  59  4:49  Nexus  
  59  5:16  Stalker x2  
  59  5:17  Probe  
  59  5:19  Probe  
  65  5:22  Immortal, Assimilator  
  65  5:27  Pylon, Assimilator  
  69  5:29  Pylon  
  69  5:32  Stalker x2  
  73  5:36  Stalker  
  75  5:44  Pylon  
  75  5:45  Pylon  
  75  5:53  Stalker x2  
  79  5:59  Stalker  
  79  6:00  Gateway  
  81  6:10  Stalker x2  
Show
View Real Time Build Order
Export as new Build Order

Buchinthebox Protoss 

Build Orders: Nexus First 

Get SALT Encoding   

  12  0:01  Probe (Chrono Boost)  
  13  0:11  Probe (Chrono Boost)  
  14  0:18  Pylon  
  14  0:22  Probe (Chrono Boost)  
  15  0:36  Probe (Chrono Boost)  
  16  0:47  Probe (Chrono Boost)  
  17  0:59  Nexus  
  17  1:02  Probe (Chrono Boost)  
  18  1:11  Gateway  
  18  1:14  Probe (Chrono Boost)  
  19  1:24  Probe (Chrono Boost)  
  20  1:25  Assimilator  
  20  1:29  Assimilator  
  20  1:35  Probe (Chrono Boost)  
  21  1:46  Probe (Chrono Boost)  
  22  1:56  Probe (Chrono Boost)  
  22  2:00  Cybernetics Core  
  23  2:11  Probe (Chrono Boost)  
  23  2:15  Probe (Chrono Boost)  
  25  2:21  Pylon  
  25  2:22  Probe (Chrono Boost)  
  26  2:25  Probe (Chrono Boost)  
  27  2:32  Probe (Chrono Boost)  
  27  2:34  Gateway  
  28  2:39  Adept (Chrono Boost)  
  28  2:41  Probe  
  28  2:43  Mothership Core  
  33  2:52  Probe  
  34  3:01  Warp Gate  
  34  3:02  Probe  
  34  3:04  Probe, Adept (Chrono Boost)  
  38  3:14  Probe  
  38  3:15  Pylon  
  38  3:16  Probe  
  41  3:28  Adept (Chrono Boost)  
  41  3:29  Adept (Chrono Boost)  
  38  3:44  Probe  
  38  3:46  Probe  
  40  3:55  Probe  
  42  3:56  Adept (Chrono Boost)  
  42  3:58  Probe  
  41  4:05  Gateway x2  
  41  4:06  Probe  
  41  4:07  Gateway  
  42  4:10  Probe  
  42  4:11  Gateway  
  43  4:22  Pylon  
  43  4:23  Stalker (Chrono Boost)  
  45  4:27  Gateway  
  45  4:30  Gateway  
  45  4:31  Pylon  
  45  4:33  Probe x2  
  47  4:45  Pylon  
  47  4:56  Gateway  
  45  5:03  Stalker  
  45  5:04  Stalker x2  
  48  5:17  Probe  
  48  5:18  Probe  
  50  5:23  Assimilator  
  50  5:24  Pylon  
  50  5:27  Probe  
  50  5:29  Stalker x3  
  50  5:32  Stalker  
  59  5:44  Probe  
  59  5:48  Probe  
  61  5:52  Stalker x3  
  61  5:55  Stalker  
Tags
 
Add a new tag
Caveats
  • Supply blocks, unpowered buildings, or Contaminate may cause inaccurate times.
  • Supply counts are checked every 10 seconds.